 Dungeon Crawl Stone Soup version 0.32-a0-672-gff75c0dad8 (webtiles) character file.

Game seed: 18057187600584274699

11502 Kenran the Spear-Bearer (level 11, -12/83 HPs)
             Began as a Demigod Hunter on Mar 10, 2024.
             Mangled by a minotaur
             ... wielding a +0 great sword of flaming
              (44 damage)
             ... in a Gauntlet.
             The game lasted 00:21:44 (10430 turns).

Kenran the Spear-Bearer (Demigod Hunter)           Turns: 10430, Time: 00:21:44

Health: -12/83     AC:  8    Str: 12    XL:     11   Next: 26%
Magic:  14/14      EV: 25    Int: 11    God:
Gold:   559        SH:  5    Dex: 36    Spells: 10/10 levels left

rFire   + . .        i - +9 halberd of Spores {flame, rF+ Dex+3 Stlth+}
rCold   + . .        (shield currently unavailable)
rNeg    . . .        D - +0 steam dragon scales
rPois   .            J - +0 helmet
rElec   .            o - +0 cloak {Stlth+}
rCorr   .            P - +0 pair of gloves
SInv    .            (no boots)
Will    +....        S - amulet of the Traitor {Reflect rC+ Dex+4 SH+5}
Stlth   +++++        (no ring)
HPRegen 0.33/turn    (no ring)
MPRegen 0.14/turn

%: no teleportation, reflection
@: no status effects
A: high MP 1, forlorn, divine attributes
a: no special abilities


You were in a Gauntlet.
You visited 1 branch of the dungeon, and saw 11 of its levels.
You also visited: Bailey and Gauntlet.

You collected 624 gold pieces.
You spent 65 gold pieces at shops.

Inventory:

Hand Weapons
 i - the +9 halberd of Spores (weapon) {flame, rF+ Dex+3 Stlth+}
   (You found it on level 4 of the Dungeon)

   Dex+3:     It affects your dexterity (+3).
   rF+:       It protects you from fire.
   Stlth+:    It makes you more stealthy.
 M - a +4 scimitar
 Q - the +9 falchion of Regicide {heavy, rElec rPois rC+ Will+}
   (You found it on level 10 of the Dungeon)

   rC+:       It protects you from cold.
   rElec:     It insulates you from electricity.
   rPois:     It protects you from poison.
   Will+:     It increases your willpower.
Armour
 o - a +0 cloak of stealth (worn)
 t - a +0 kite shield
 D - +0 steam dragon scales (worn)
 J - a +0 helmet (worn)
 P - a +0 pair of gloves (worn)
Jewellery
 a - a ring of poison resistance
 g - a ring of fire
 l - a ring of positive energy
 n - an amulet of the acrobat
 x - a ring of magical power
 S - the amulet of the Traitor (around neck) {Reflect rC+ Dex+4 SH+5}
   (You found it in a Gauntlet)

   [amulet of reflection]

   Reflect:   It reflects blocked missile attacks.
   Dex+4:     It affects your dexterity (+4).
   rC+:       It protects you from cold.
   SH+5:      It affects your SH (+5).
Wands
 y - a wand of paralysis (6)
 z - a wand of polymorph (6)
 C - a wand of flame (23)
 N - a wand of acid (14)
Scrolls
 d - 4 scrolls of immolation {!r}
 e - 4 scrolls of teleportation
 h - 2 scrolls of butterflies
 k - 3 scrolls of fear
 s - 5 scrolls of poison {!r}
 w - 2 scrolls of blinking {unknown}
 A - 3 scrolls of enchant armour
 G - a scroll of silence {unknown}
 I - 2 scrolls of amnesia {unknown}
 K - a scroll of revelation {unknown}
 L - 2 scrolls of vulnerability {unknown}
 R - a scroll of identify {@r1}
Potions
 c - 2 potions of heal wounds {unknown}
 f - a potion of attraction {unknown}
 j - 2 potions of mutation {unknown}
 m - a potion of haste {unknown}
 p - 2 potions of enlightenment {unknown}
 q - a potion of might {unknown}
 r - 4 potions of curing {@q1}
 v - a potion of resistance {unknown}
 E - 2 potions of cancellation
 F - a potion of ambrosia {unknown}
 H - a potion of invisibility {unknown}
 O - a potion of degeneration {unknown}
Miscellaneous
 B - a lightning rod (3/4)


   Skills:
 + Level 3.7 Fighting
 + Level 1.9 Long Blades
 - Level 12.5 Polearms
 - Level 5.2 Ranged Weapons
 + Level 10.0 Dodging
 - Level 0.8 Stealth


You had 10 spell levels left.
You didn't know any spells.
Your spell library contained the following spells:

 Spells                   Type           Power      Damage    Failure   Level
 Magic Dart               Conj           0%         1d3       34%         1
 Blink                    Tloc           0%         N/A       47%         2
 Call Imp                 Summ           0%         N/A       47%         2
 Cigotuvi's Dreadful Rot  Necr/Alch/Air  0%         N/A       47%         2
 Dispel Undead            Necr           0%         3d6       98%         4
 Martyr's Knell           Necr/Summ      0%         N/A       98%         4
 Death Channel            Necr           0%         N/A       100%        6


Dungeon Overview and Level Annotations

Branches:
Dungeon (11/15)            Temple (0/1) D:4            Lair (0/5) D:8
    Orc (0/2) D:9          Bailey (visited)         Gauntlet (1/1)

Shops:
D:5 *   D:7 [*

Annotations:
D:5 4 runed translucent doors
D:9 1 runed translucent door, hattey's ghost, novice HuWn Gauntlet 12 transporters


Innate Abilities, Weirdness & Mutations

You have an increased reservoir of magic. (+10% MP)
You shall have no god before yourself.
Your divine heritage dramatically boosts your attributes as you level up.


Message History

S - the amulet of the Traitor (around neck) {Reflect rC+ Dex+4 SH+5} You drop a +0 shortbow.
You drop a +0 short sword of draining.
You drop a -2 demon blade.
a - a ring of poison resistance
Things that are here:
a -2 demon blade; a +0 short sword of draining; a +0 shortbow
There is a transporter here.
The death yak snorts and paws the ground.
j - 2 brown potions (gained 1)
There is a transporter here.
You enter the transporter and appear at another place.
A minotaur comes into view.
It is wielding a +0 great sword of flaming.
Okay, then.
Aiming: Paralyse
Press: ? - help, Shift-Dir - straight line, f - minotaur
Aim: a minotaur, wielding a +0 great sword of flaming, wearing a +0 plate armour and quivering javelins (wandering, hasn't noticed you, chance to affect: 1%)
Okay, then.
The minotaur bellows!
It was a potion of curing.
You feel better.
Okay, then.
Aiming: Thunderbolt
Press: ? - help, Shift-Dir - straight line, f - minotaur
Aim: a minotaur, wielding a +0 great sword of flaming, wearing a +0 plate armour and quivering javelins The thunderbolt hits the minotaur!
The minotaur is lightly wounded.
Aiming: Corrosive Bolt
Press: ? - help, Shift-Dir - straight line, f/p - minotaur
Aim: a minotaur, wielding a +0 great sword of flaming, wearing a +0 plate armour and quivering javelins (lightly wounded, 86% to hit)
The bolt of acid misses the minotaur.
The minotaur hits you with a +0 great sword of flaming!!!
The minotaur burns you! The minotaur completely misses you.
Aiming: Corrosive Bolt
Press: ? - help, Shift-Dir - straight line, f/p - minotaur
Aim: a minotaur, wielding a +0 great sword of flaming, wearing a +0 plate armour and quivering javelins (lightly wounded, 86% to hit)
The bolt of acid hits the minotaur.
The minotaur is moderately wounded.
The minotaur hits you with a +0 great sword of flaming!!!
Ouch! That really hurt!
You die... ≣.≣kZZ!©$...≣.≣..=.©!?..≣.≣YY.=©Y ≣.≣≣≣≣≣≣≣≣≣≣≣.≣≣≣≣≣≣≣≣≣≣≣.≣≣≣≣≣≣≣ ................................. ............≈∩≈.................. ≣≣≣≣≣≣≣≣≣≣≣≣≣≣≣≣≣≣≣≣≣≣≣≣≣≣≣≣≣≣≣≣≣

≣ß≣▓≈...............≈▓≣ß≣
≣ß≣ ≣ß
≣≣≣▓ß..©.©.©.©.©.©..ß▓≣≣≣
≣≣≣ ≣≣
▓§...............≈▓
▓▓▓.▓▓.▓▓.▓▓@▓▓.▓▓▓
▓.▓▓.▓▓.▓▓H▓▓.▓▓
....H.......▓
▓▓.▓▓.▓▓.▓▓.▓ ▓. ▓.▓ .▓ .
... .▓ ░' .▓▓.▓▓▓ ░ ░. .▓
░ ..


You could see a minotaur.

Vanquished Creatures
  A two-headed ogre (D:10)
  An arcanist (Gauntlet)
  An orc knight (Bailey)
  A necromancer (Gauntlet)
  An ugly thing (D:9)
  A komodo dragon (D:10)
  A wraith (D:9)
  13 yaks
  A wyvern (D:10)
  4 steam dragons
  7 water moccasins
  3 black bears
  12 orc warriors
  An ice beast (D:8)
  A sky beast (D:6)
  5 wolves (Gauntlet)
  3 centaurs
  2 ogres
  3 kobold brigands
  10 bullfrogs
  A gnoll sergeant (D:7)
  6 scorpions
  8 wights
  12 killer bees
  A howler monkey (D:9)
  A bombardier beetle (D:6)
  2 lava snakes (D:10)
  4 hounds
  4 orc priests
  A jelly (D:6)
  A gnoll bouda (D:6)
  4 iguanas
  4 orc wizards (D:9)
  9 gnolls
  3 adders
  4 shadow imps
  2 ufetubi (D:6)
  2 dart slugs
  2 ribbon worms (D:2)
  45 orcs
  7 bats
  10 endoplasms
  3 giant cockroaches (D:1)
  11 goblins
  7 hobgoblins
  8 jackals
  5 quokkas
  7 ball pythons
  3 frilled lizards (D:1)
  21 kobolds
  4 rats
  A butterfly (D:4)
275 creatures vanquished.

Notes
Turn   | Place    | Note
-------+----------+-------------------------------------------
     0 | D:1      | Kenran the Demigod Hunter began the quest for the Orb.
     0 | D:1      | Reached XP level 1. HP: 17/17 MP: 3/3
   150 | D:1      | Reached XP level 2. HP: 24/24 MP: 4/4
   468 | D:1      | Reached XP level 3. HP: 29/29 MP: 5/5
  1113 | D:2      | Identified the +0 leather armour of Zin's Anger {Str+3
                  | Int+3}
  1233 | D:2      | Reached skill level 5 in Ranged Weapons
  2513 | D:4      | Identified the +9 halberd of Spores {flame, rF+ Dex+3
                  | Stlth+}
  2528 | D:4      | Noticed a scorpion
  2532 | D:4      | Reached XP level 4. HP: 33/36 MP: 6/6
  2534 | D:4      | Reached skill level 2 in Polearms
  2604 | D:4      | Noticed an ogre
  2605 | D:4      | Found a staircase to the Ecumenical Temple.
  2608 | D:4      | Killed an ogre
  2609 | D:4      | Reached skill level 3 in Polearms
  2609 | D:4      | Reached XP level 5. HP: 41/41 MP: 7/7
  2783 | D:4      | Reached skill level 4 in Polearms
  2783 | D:4      | Reached XP level 6. HP: 34/48 MP: 8/8
  3171 | D:5      | Entered Level 5 of the Dungeon
  3171 | D:5      | Found Namoc's Lightly-Used Armoury.
  3174 | D:5      | Noticed a water moccasin
  3186 | D:4      | Killed a water moccasin
  3187 | D:4      | Reached skill level 5 in Polearms
  3334 | D:5      | Bought a -2 demon blade for 65 gold pieces
  3642 | D:5      | Noticed a water moccasin
  3664 | D:5      | Killed a water moccasin
  3665 | D:5      | Reached skill level 6 in Polearms
  3665 | D:5      | Reached XP level 7. HP: 44/53 MP: 9/9
  3925 | D:5      | Noticed a gargoyle
  3926 | D:5      | Found a large runed translucent door.
  3927 | D:5      | Found a large runed translucent door.
  3931 | D:5      | Found a large runed translucent door.
  3931 | D:5      | Found a large runed translucent door.
  3967 | D:5      | Noticed a steam dragon
  3985 | D:5      | Killed a steam dragon
  4284 | D:5      | Noticed a steam dragon
  4295 | D:5      | Killed a steam dragon
  4296 | D:5      | Reached skill level 7 in Polearms
  4511 | D:5      | Reached skill level 8 in Polearms
  4511 | D:5      | Reached XP level 8. HP: 18/60 MP: 10/10
  4955 | D:6      | Reached skill level 9 in Polearms
  5398 | D:7      | Reached skill level 10 in Polearms
  5437 | D:7      | Found a flagged portal.
  5469 | Bailey   | Entered a bailey
  5481 | Bailey   | Reached XP level 9. HP: 69/69 MP: 11/11
  5620 | Bailey   | Noticed an orc knight
  5668 | Bailey   | Reached skill level 5 in Dodging
  5804 | Bailey   | Killed an orc knight
  6238 | D:7      | Found Zeoghy's Assorted Antiques.
  6316 | D:7      | Found Cheibriados's Comfort Zone.
  6749 | D:8      | Found a staircase to the Lair.
  7111 | D:8      | Reached XP level 10. HP: 77/77 MP: 13/13
  7834 | D:9      | Found Fypid's Serpentskin Sales.
  7993 | D:9      | Noticed a green ugly thing
  8006 | D:9      | Killed a green ugly thing
  8085 | D:9      | Noticed hattey's ghost (novice HuWn)
  8088 | D:9      | Found a runed translucent door.
  8115 | D:9      | Reached skill level 11 in Polearms
  8561 | D:9      | Found a staircase to the Orcish Mines.
  8797 | D:10     | Entered Level 10 of the Dungeon
  9168 | D:10     | Noticed a two-headed ogre
  9181 | D:10     | Killed a two-headed ogre
  9213 | D:10     | Reached skill level 12 in Polearms
  9221 | D:10     | Reached XP level 11. HP: 82/82 MP: 14/14
  9473 | D:10     | Identified the +9 falchion of Regicide {heavy, rElec rPois
                  | rC+ Will+}
  9629 | D:11     | Found a gate leading to a gauntlet.
  9638 | Gauntlet | Entered a Gauntlet
  9638 | Gauntlet | Found a transporter.
  9651 | Gauntlet | Found a transporter.
  9662 | Gauntlet | Found a transporter.
  9667 | Gauntlet | Found a transporter.
  9682 | Gauntlet | Found a transporter.
  9701 | Gauntlet | Found a transporter.
  9701 | Gauntlet | Noticed a death yak
  9702 | Gauntlet | Noticed a death yak
  9702 | Gauntlet | Noticed a death yak
  9713 | Gauntlet | Found a transporter.
  9716 | Gauntlet | Noticed a fire crab
  9721 | Gauntlet | Noticed a death drake
  9725 | Gauntlet | Found a transporter.
  9737 | Gauntlet | Found a transporter.
  9749 | Gauntlet | Found a transporter.
  9755 | Gauntlet | Found a transporter.
  9755 | Gauntlet | Found a transporter.
  9758 | Gauntlet | Noticed a fire crab
  9794 | Gauntlet | Found a transporter.
  9816 | Gauntlet | Noticed a necromancer
  9819 | Gauntlet | Found a transporter.
  9821 | Gauntlet | Found a transporter.
  9841 | Gauntlet | Found a transporter.
  9846 | Gauntlet | Noticed an arcanist
  9919 | Gauntlet | Found a transporter.
  9939 | Gauntlet | Found a transporter.
 10073 | Gauntlet | Killed a necromancer
 10078 | Gauntlet | Reached skill level 1 in Long Blades
 10236 | Gauntlet | Killed an arcanist
 10237 | Gauntlet | Reached skill level 10 in Dodging
 10391 | Gauntlet | Identified the amulet of the Traitor {Reflect rC+ Dex+4
                  | SH+5}
 10418 | Gauntlet | Noticed a minotaur
 10430 | Gauntlet | Mangled by a minotaur

Illustrated notes

Levels and vault maps discovered:
D:1:      orjb1_clovarrival, layout_loops_ring, kennysheep_flooded_box
D:2:      layout_basic, basic_altar
D:3:      layout_loops_corners, nicolae_overflow_ecumenical_swirl,
          mainiacjoe_overflow_cross_hatched, chequers_big_river
D:4:      layout_cave_pools, nicolae_dithmenos_through_a_glass_darkly,
          minmay_temple_entry_butterflies
D:5:      layout_basic, minivault_5, minmay_shop_damaged,
          hangedman_decor_points, minmay_hollow_rounded_squares
D:6:      black_bear_nest_1, layout_basic
D:7:      layout_loops_cross, lemuel_coloured_pillars_altar, enter_bailey_2,
          minmay_shop_chei, nicolae_take_the_stairs, kennysheep_nondescript
D:8:      layout_loops_cross, due_lair_maze_entry_diamond
D:9:      layout_basic, mainiacjoe_overflow_six_doors_small, orc_0_dummy,
          hellmonk_ghost_happy_afterlife, guppyfry_shop_venom
D:10:     layout_big_octagon, mainiacjoe_overflow_concentric_impassable,
          grunt_qazlal_clouds, nicolae_overflow_two_pavilions,
          minmay_misc_feat_cross
D:11:     layout_rooms, gauntlet_entry_generic, ashenzari_conservatory_becter,
          uniq_maurice
Gauntlet: gammafunk_gauntlet_one_two_three [gammafunk_gauntlet_arena_hedges,
          gammafunk_gauntlet_arena_split_diamond, nicolae_gauntlet_arena_x,
          nicolae_gauntlet_arena_quarters, gammafunk_gauntlet_arena_teeth,
          nicolae_gauntlet_arena_grate_2, nicolae_gauntlet_arena_blocks,
          gammafunk_gauntlet_arena_mazey, gammafunk_gauntlet_arena_chambers,
          gauntlet_exit_green]

Skill      XL: |  1  2  3  4  5  6  7  8  9 10 11 |
---------------+----------------------------------+-----
Ranged Weapons | 4 5 |  5.2
Polearms       | 3 4 6 8 10 12 | 12.5
Fighting       | 3 |  3.7
Dodging        | 3 8 9 10 | 10.0
Long Blades    | 1 |  1.9
Stealth        | |  0.8

Action                     |  1- 3 |  4- 6 |  7- 9 | 10-12 || total
---------------------------+-------+-------+-------+-------++-------
  Melee: Halberd           |     2 |    56 |   207 |   251 ||   516
         Demon blade       |       |       |    61 |       ||    61
   Fire: Shortbow          |   176 |       |       |       ||   176
  Evoke: Wand              |       |       |    11 |     2 ||    13
         Lightning rod     |       |       |     3 |     1 ||     4
    Use: Scroll            |     5 |       |     1 |     1 ||     7
         Potion            |       |       |       |     3 ||     3
   Stab: Sleeping          |       |    10 |    10 |    10 ||    30
         Distracted        |       |     2 |     3 |     2 ||     7
         Paralysed         |       |       |    10 |       ||    10
 Armour: Leather armour    |    38 |    20 |    24 |       ||    82
         Steam dragon scal |       |       |    94 |   103 ||   197
  Dodge: Dodged            |    49 |    25 |   175 |   303 ||   552

Table legend: (Time is in decaauts)
 A = Elapsed time spent in this place.
 B = Non-inter-level travel time spent in this place.
 C = Inter-level travel time spent in this place.
 D = Time resting spent in this place.
 E = Time spent auto-exploring this place.
 F = Levels seen in this place.
 G = Mean time per level.
                   A        B        C        D        E       F      G
               +--------+--------+--------+--------+--------+-----+--------+
         Total |  10532 |  10147 |    385 |   2105 |   5798 |  13 |  810.2 |
       Dungeon |   9049 |   8664 |    385 |   1552 |   5351 |  11 |  822.6 |
        Bailey |    695 |    695 |      0 |    329 |    144 |   1 |  695.0 |
      Gauntlet |    787 |    787 |      0 |    224 |    302 |   1 |  787.0 |
               +--------+--------+--------+--------+--------+-----+--------+

Top non-repeatable levels by time:
     D:5: 1469 daAuts
     D:9: 1099 daAuts
     D:3: 1003 daAuts
     D:8: 993 daAuts
     D:2: 854 daAuts
    D:10: 834 daAuts
     D:4: 820 daAuts
Gauntlet: 787 daAuts
     D:7: 755 daAuts
     D:1: 714 daAuts
  Bailey: 695 daAuts
     D:6: 496 daAuts
    D:11: 8 daAuts
